 Dungeon Crawl Stone Soup version 0.22-a0-558-gc224181 (webtiles) character file.

39 inc the Chucker (level 3, -11/36 HPs)
             Began as an Ogre Hunter on June 26, 2018.
             Mangled by Sigmund
             ... wielding a +0 scythe
              (13 damage)
             ... on level 2 of the Dungeon.
             The game lasted 00:01:22 (626 turns).

inc the Chucker (Ogre Hunter)                        Turns: 626, Time: 00:01:22

Health: -11/36     AC:  3    Str: 17    XL:     3   Next: 45%
Magic:  3/3        EV: 10    Int: 12    God:
Gold:   64         SH:  0    Dex:  9    Spells: 2/2 levels left

rFire    . . .     SeeInvis .   (no weapon)
rCold    . . .     Gourm    .   (no shield)
rNeg     . . .     Faith    .   b - +0 robe
rPois    .         Spirit   .   (helmet restricted)
rElec    .         Reflect  .   (no cloak)
rCorr    .         Harm     .   (gloves unavailable)
MR       .....                  (boots unavailable)
Stlth    +.........             (no amulet)
HPRegen  0.12/turn              (no ring)
MPRegen  0.08/turn              (no ring)

@: no status effects
A: large, unfitting armour, tough skin 1
a: no special abilities


You were on level 2 of the Dungeon.
You were not hungry.

You visited 1 branch of the dungeon, and saw 2 of its levels.

You collected 64 gold pieces.

Inventory:

Hand Weapons
 a - a +0 short sword
Armour
 b - a +0 robe (worn)
Jewellery
 i - a cursed -3 ring of intelligence {unknown}
Scrolls
 h - a scroll of identify {unknown}
Comestibles
 f - a ration


   Skills:
 + Level 2.9 Fighting
 + Level 0.6 Short Blades
 + Level 4.5 Throwing
 + Level 2.3 Dodging
 + Level 0.6 Stealth


You had 2 spell levels left.
You didn't know any spells.
Your spell library was empty.

Dungeon Overview and Level Annotations

Branches:
Dungeon (2/15)

Altars:

Annotations:
D:2 Sigmund


Innate Abilities, Weirdness & Mutations

You are too large for most types of armour.
You have tough skin. (AC +1)


Message History

Throwing (i - inventory)
d - a throwing net (quivered)
Press: ? - help, Shift-Dir - straight line You throw a throwing net.
Something gets caught in the net!
The kobold barely misses you.
You hit the kobold.
You kill the kobold!
Something wriggles in the net. x2
You start resting.
Something wriggles in the net.
Something wriggles in the net.
Something wriggles in the net.
Something wriggles in the net.
All of a sudden the net rips apart!
Something hits you but does no damage.
You feel less wooden.
Your +0 robe unmelds from your body.
Something hits you.
* * * LOW HITPOINT WARNING * * *
Things that are here:
a quokka corpse; a leopard gecko corpse
There is a stone staircase leading up here.
Something hits you!
You die...

# ..(.. #.
... #.. ...
#..##.#####..
#.)(.....[.
#.#####..
#{#......
#...# #@###
#......#
#.......)#
#...##.(...#
#.# #.(...# #
#.....#
#.....#
#......


There were no monsters in sight!

Vanquished Creatures
  2 adders (D:2)
  2 leopard geckos
  A bat (D:1)
  2 giant cockroaches (D:1)
  2 goblins (D:1)
  2 jackals (D:1)
  2 quokkas (D:2)
  4 kobolds
  A rat (D:1)
18 creatures vanquished.

Notes
Turn   | Place    | Note
-------+----------+-------------------------------------------
     0 | D:1      | inc the Ogre Hunter began the quest for the Orb.
     0 | D:1      | Reached XP level 1. HP: 22/22 MP: 1/1
    41 | D:1      | Reached XP level 2. HP: 13/29 MP: 2/2
   585 | D:2      | Noticed Sigmund
   601 | D:2      | Reached XP level 3. HP: 21/36 MP: 3/3
   621 | D:2      | HP: 1/36 [something (3)]
   626 | D:2      | Mangled by Sigmund

Vault maps used:
D:1:      erik_arrival_triangle_small
D:2:      grunt_temple_overflow_order_and_chaos_1, overflow_temple_1_default,
          yredelemnul_altar_generic, first_ration, uniq_sigmund

Skill      XL: |  1  2 |
---------------+-------+-----
Dodging        | 2 |  2.3
Fighting       | |  2.9
Short Blades   | |  0.6
Throwing       | |  4.5
Stealth        | |  0.6

Action                   || total
-------------------------++-------
Melee: Short sword       ||    36
       Unarmed           ||    14
Throw: Large rock        ||     5
       Throwing net      ||     2
  Use: Potion            ||     2
Armor: Robe              ||    15
       Skin              ||    79
Dodge: Dodged            ||    39

Table legend:
 A = Spawn XP
 B = Non-spawn XP
 C = Spawn XP percentage of total XP
 D = Spawn monster count
 E = Non-spawn monster count
 F = Spawn count percentage of total count
 G = Total turns spent on level
                    A         B        C        D         E        F      G
               +---------+---------+-------+---------+---------+-------+---------
         Total |       0 |      56 |   0.0 |       0 |      18 |   0.0 |   626
               +---------+---------+-------+---------+---------+-------+---------
           D:1 |       0 |      20 |   0.0 |       0 |      11 |   0.0 |   582
           D:2 |       0 |      36 |   0.0 |       0 |       7 |   0.0 |    44
               +---------+---------+-------+---------+---------+-------+---------
